 Dungeon Crawl Stone Soup version 0.30-a0-870-gc5d4c5acee (webtiles) character file.

Game seed: 15809781046916390857

184 Morbidden the Digger (level 5, -2/46 HPs)
             Began as a Troll Earth Elementalist on Mar 11, 2023.
             Slain by a sleepcap (20 damage)
             ... on level 4 of the Dungeon.
             The game lasted 00:03:44 (3089 turns).

Morbidden the Digger (Troll Earth Elementalist)     Turns: 3089, Time: 00:03:44

Health: -2/46      AC:  5    Str: 16    XL:     5   Next: 36%
Magic:  2/6        EV:  1    Int: 13    God:
Gold:   199        SH:  0    Dex: 10    Spells: 3/7 levels left

rFire   . . .      SeeInvis .      - Unarmed
rCold   + . .      Faith    .    (no shield)
rNeg    . . .      Spirit   .    a - +1 robe {rC+}
rPois   .          Reflect  .    (helmet restricted)
rElec   .          Rampage  .    (no cloak)
rCorr   .                        (gloves unavailable)
Will    .....                    (boots unavailable)
Stlth   +                        (no amulet)
HPRegen 1.07/turn                (no ring)
MPRegen 0.10/turn                (no ring)

@: sleeping
A: large, unfitting armour, claws 3, regeneration 1, shaggy fur 1, tough skin 1
a: no special abilities


You were on level 4 of the Dungeon.
You visited 1 branch of the dungeon, and saw 4 of its levels.

You collected 199 gold pieces.

Inventory:

Missiles
 h - 7 poisoned darts (quivered)
Armour
 a - a +1 robe of cold resistance (worn)
Scrolls
 c - 3 scrolls of teleportation {unknown}
 e - a scroll of amnesia {unknown}
 f - 4 scrolls of identify {unknown}
 j - a scroll of noise {unknown}
 l - a scroll of butterflies {unknown}
 m - a scroll of fog {unknown}
Potions
 b - 3 potions of magic
 d - 2 potions of heal wounds {unknown}
 g - 2 potions of curing
 i - a potion of cancellation {unknown}
 k - a potion of attraction {unknown}
 n - a potion of degeneration {unknown}


   Skills:
 * Level 0.6 Fighting
 * Level 0.4 Armour
 * Level 2.2 Dodging
 + Level 1.1 Stealth
 * Level 1.0 Unarmed Combat
 * Level 1.9 Spellcasting
 * Level 1.0 Conjurations
 * Level 1.1 Transmutations
 * Level 3.7 Earth Magic


You had 3 spell levels left.
You knew the following spells:

 Your Spells              Type           Power      Damage    Failure   Level
a - Sandblast             Erth           22%        2d7       5%          1
b - Stone Arrow           Conj/Erth      14%        3d7       28%         3

Your spell library contained the following spells:

 Spells                   Type           Power      Damage    Failure   Level
 Passwall                 Tmut/Erth      5%         N/A       14%         2
 Magic Dart               Conj           12%        1d3       17%         1
 Call Imp                 Summ           1%         N/A       36%         2
 Mephitic Cloud           Conj/Pois/Air  2%         N/A       56%         3
 Petrify                  Tmut/Erth      7%         N/A       67%         4


Dungeon Overview and Level Annotations

Branches:
Dungeon (4/15)
 Temple: D:4-7

Altars:
Hepliaklqana
Trog
Vehumet
Xom


Innate Abilities, Weirdness & Mutations

You are too large for most types of armour.
You have claws for hands.
Your natural rate of healing is unusually fast.
You are covered in fur. (AC +1)
You have tough skin. (AC +1)


Message History

Confirm with . or Enter, or press ? or * to list all spells.
Aiming: Sandblast (safe; 5% risk of failure)
Press: ? - help, Shift-Dir - straight line, f/p - sleepcap
Aim: a sleepcap (moderately damaged, 100% to hit)
The blast of sand hits the sleepcap!
The sleepcap is heavily damaged.
The sleepcap releases spores at you.
You are engulfed in a cloud of soporific spores!
You scratch the sleepcap but do no damage.
The sleepcap is heavily damaged.
The sleepcap releases spores at you.
You are engulfed in a cloud of soporific spores!
You scratch the sleepcap but do no damage.
The sleepcap is heavily damaged.
The sleepcap closely misses you.
Unknown command.
You scratch the sleepcap but do no damage.
The sleepcap is heavily damaged.
The sleepcap closely misses you.
Unknown command.
Casting: Sandblast (safe; 5% risk of failure)
Confirm with . or Enter, or press ? or * to list all spells.
Aiming: Sandblast (safe; 5% risk of failure)
Press: ? - help, Shift-Dir - straight line, f/p - sleepcap
Aim: a sleepcap (heavily damaged, 100% to hit)
The blast of sand hits the sleepcap.
The sleepcap is heavily damaged.
The sleepcap releases spores at you.
You are engulfed in a cloud of soporific spores!
The sleepcap barely misses you.
You scratch the sleepcap but do no damage.
The sleepcap is heavily damaged.
The sleepcap barely misses you.
You claw the sleepcap!
The sleepcap is almost destroyed.
The sleepcap releases spores at you.
You are engulfed in a cloud of soporific spores!
You fall asleep.
The sleepcap releases spores at you!!
You die...

#.............#....#
#.............#....#
#.............#....#
#.......####'#######
#.......#.....#
#.......#.....#
#.......#.....#
#.......#######
..######@f....# .
#.....[# #......#
#......# #......#
#......# ########


You could see a sleepcap.

Vanquished Creatures
  Natasha (D:4)
  2 orc wizards (D:3)
  2 adders
  2 worms
  A dart slug (D:3)
  6 orcs
  6 endoplasms
  2 giant cockroaches (D:3)
  4 goblins
  9 hobgoblins
  4 jackals (D:3)
  8 quokkas
  4 ball pythons
  5 bats
  6 frilled lizards
  7 kobolds
  8 rats
77 creatures vanquished.

Notes
Turn   | Place    | Note
-------+----------+-------------------------------------------
     0 | D:1      | Morbidden the Troll Earth Elementalist began the quest for
                  | the Orb.
     0 | D:1      | Reached XP level 1. HP: 16/16 MP: 1/1
   169 | D:1      | Reached skill level 3 in Earth Magic
   169 | D:1      | Reached XP level 2. HP: 24/24 MP: 3/3
   702 | D:1      | Found a faded altar of an unknown god.
  1052 | D:2      | Reached XP level 3. HP: 28/31 MP: 0/4
  1646 | D:2      | Reached skill level 1 in Transmutations
  1987 | D:3      | Found a hazy altar of Hepliaklqana.
  2006 | D:3      | Found a bloodstained altar of Trog.
  2006 | D:3      | Found a shimmering altar of Xom.
  2006 | D:3      | Found a radiant altar of Vehumet.
  2026 | D:3      | Reached XP level 4. HP: 38/39 MP: 0/5
  2116 | D:3      | Learned a level 3 spell: Stone Arrow
  2853 | D:3      | Reached skill level 1 in Unarmed Combat
  2853 | D:3      | Reached XP level 5. HP: 16/46 MP: 4/6
  3010 | D:4      | Noticed Natasha
  3019 | D:4      | Killed Natasha
  3020 | D:4      | Reached skill level 1 in Conjurations
  3089 | D:4      | Slain by a sleepcap

Illustrated notes

Levels and vault maps discovered:
D:1:      minmay_arrival_stone_box, layout_basic,
          shapermc_ecumenical_altar_mp_vishouse
D:2:      layout_loops_cross
D:3:      layout_rooms, worldfamousw_hep_ancestral_shrine,
          gammafunk_temple_overflow_forgotten, kennysheep_generic_room_15
D:4:      layout_gridville, mainiacjoe_overflow_chevrons,
          gammafunk_ghost_necromancy, uniq_sigmund, uniq_natasha,
          uniq_blork_the_orc

Skill      XL: |  1  2  3  4  5 |
---------------+----------------+-----
Earth Magic    | 3 |  3.7
Dodging        | 2 |  2.2
Transmutations | 1 |  1.1
Unarmed Combat | 1 |  1.0
Conjurations   | 1 |  1.0
Fighting       | |  0.6
Armour         | |  0.4
Stealth        | |  1.1
Spellcasting   | |  1.9

Action                     |  1- 3 |  4- 6 || total
---------------------------+-------+-------++-------
  Melee: Unarmed           |    67 |    74 ||   141
  Throw: Dart              |     1 |     8 ||     9
   Cast: Sandblast         |    44 |    39 ||    83
   Stab: Sleeping          |     2 |       ||     2
 Armour: Robe              |    25 |    37 ||    62
  Dodge: Dodged            |    47 |    68 ||   115

Table legend: (Time is in decaauts)
 A = Elapsed time spent in this place.
 B = Non-inter-level travel time spent in this place.
 C = Inter-level travel time spent in this place.
 D = Time resting spent in this place.
 E = Time spent auto-exploring this place.
 F = Levels seen in this place.
 G = Mean time per level.
                   A        B        C        D        E       F      G
               +--------+--------+--------+--------+--------+-----+--------+
         Total |   3136 |   3005 |    131 |      3 |   2472 |   4 |  784.0 |
       Dungeon |   3136 |   3005 |    131 |      3 |   2472 |   4 |  784.0 |
               +--------+--------+--------+--------+--------+-----+--------+

Top non-repeatable levels by time:
     D:2: 1037 daAuts
     D:3: 985 daAuts
     D:1: 873 daAuts
     D:4: 239 daAuts
